 Dungeon Crawl Stone Soup version 0.28-a0-883-gc8d7bad45d (webtiles) character file.

Game seed: 17408979543526873123

8 enile the Skirmisher (level 2, 0/18 (21) HPs)
             Began as an Octopode Cinder Acolyte on Nov 22, 2021.
             Was a High Priest of Ignis.
             Slain by a kobold (1 damage)
             ... on level 1 of the Dungeon.
             The game lasted 00:02:33 (244 turns).

enile the Skirmisher (Octopode Cinder Acolyte)       Turns: 244, Time: 00:02:34

HP:   0/18 (21)     AC:  1    Str: 13    XL:     2   Next: 8%
MP:   3/3           EV: 12    Int: 16    God:    Ignis [*****.]
Gold: 0             SH:  0    Dex:  7    Spells: 3/3 levels left

rFire   + . .      SeeInvis .   a - -1 falchion (flame)
rCold   . . .      Faith    .   (no shield)
rNeg    . . .      Spirit   .   (helmet restricted)
rPois   .          Reflect  .   (no amulet)
rElec   .          Harm     .   (no ring)
rCorr   .          Rampage  .   (no ring)
Will    .....                   (no ring)
Stlth   ++........              (no ring)
HPRegen 0.06/turn               (no ring)
MPRegen 0.08/turn               (no ring)
                                (no ring)
                                (no ring)

@: heavily drained
A: almost no armour, amphibious, 8 rings, camouflage 1, gelatinous body 1,
(nimble swimmer 1), tentacles
a: Renounce Religion, Sea of Fire, Foxfire Swarm, Rising Flame


You were on level 1 of the Dungeon.
You worshipped Ignis.
Ignis was extremely pleased with you.
You visited 1 branch of the dungeon, and saw 1 of its levels.

Inventory:

Hand Weapons
 a - a -1 falchion of flaming (weapon)
Scrolls
 c - a scroll of brand weapon {unknown}
Potions
 b - a potion of magic {unknown}


   Skills:
 + Level 3.4 Fighting
 - Level 3.0 Long Blades
 - Level 1.0 Spellcasting
 - Level 3.0 Fire Magic


You had 3 spell levels left.
You didn't know any spells.
Your spell library contained the following spells:

 Spells                   Type           Power      Damage    Failure   Level
 Scorch                   Fire           20%        2d6       10%         2


Dungeon Overview and Level Annotations

Branches:
Dungeon (1/15)

Altars:


Innate Abilities, Weirdness & Mutations

You cannot wear most types of armour.
You are amphibious.
You can wear up to eight rings at the same time.
Your skin changes colour to match your surroundings (Stealth+).
Your rubbery body absorbs attacks. (AC +1, EV +1)
((You are camouflaged near water. (Stealth+)))
You have tentacles for arms and can constrict up to eight enemies at once.


Message History

The kobold shouts!
The bat closely misses you.
A frilled lizard comes into view.
The bat hits you.
You miss the bat.
The frilled lizard hisses angrily.
You grab the bat. You constrict the bat. The bat hits you. x2
The bat escapes!
The bat closely misses you. The bat hits you.
You barely miss the bat. You grab the bat.
The bat is moderately wounded.
You constrict the bat. The bat hits you.
The bat struggles to escape constriction.
A quokka comes into view.
The bat escapes!
The rat bites you. The bat barely misses you.
The kobold hits you with a +1 short sword of draining.
You feel drained. The bat barely misses you. The bat hits you.
The bat hits you. The bat hits you but does no damage.
You barely miss the bat. Your grab misses the bat.
The bat is moderately wounded.
The bat hits you.
* * * LOW HITPOINT WARNING * * *
The bat hits you but does no damage.
You hit the bat but do no damage. Your grab misses the bat.
The bat is moderately wounded.
The bat closely misses you. The bat hits you but does no damage.
You barely miss the bat. Your grab misses the bat. You squeeze the bat.
You kill the bat!
You barely miss the rat. You grab the rat. You constrict the rat.
You kill the rat!
You barely miss the kobold. Your grab misses the kobold.
The kobold barely misses you.
You closely miss the kobold. You grab the kobold. You constrict the kobold.
The kobold hits you with a +1 short sword of draining.
* * * LOW HITPOINT WARNING * * *
You feel drained.
You die...

.# #....#.......#
.##.#.##.......#.# #.##.
....#.####.###.#.# ..... .
#####.# #.# #.#.####... .# #.#
#.. #......#..# #.
#####.####.#.#.#.##.#..# .
..................#.#..# .# .#.
###.#.########.####.#..##.#....
................@Kl.........>#
###...#######..####.........##
...#..# .... .....##....#...r
......####### ####.##....# ##.
....#...# #.##....# ....#...#
#......... ........#
.......##.# ###.##.## .##.(..#
.. ### .. #....# #.


You could see a kobold and a frilled lizard.

Vanquished Creatures
  An endoplasm (D:1)
  A goblin (D:1)
  A ball python (D:1)
  3 bats (D:1)
  A frilled lizard (D:1)
  2 rats (D:1)
9 creatures vanquished.

Notes
Turn   | Place    | Note
-------+----------+-------------------------------------------
     0 | D:1      | enile the Octopode Cinder Acolyte began the quest for the
                  | Orb.
     0 | D:1      | Reached XP level 1. HP: 16/16 MP: 2/2
   205 | D:1      | Reached XP level 2. HP: 21/21 MP: 3/3
   244 | D:1      | HP: 1/20 [kobold (6)]
   244 | D:1      | Slain by a kobold

Illustrated notes

Levels and vault maps discovered:
D:1:      dpeg_arrival_windows_large_door, layout_basic, basic_ecumenical_altar,
          minmay_misc_feat_pillars

Action                   || total
-------------------------++-------
Melee: Falchion          ||    22
       Constrict         ||     7
       Tentacles         ||     2
 Stab: Sleeping          ||     1
Armor: Skin              ||     7
Dodge: Dodged            ||    16

Table legend: (Time is in decaauts)
 A = Elapsed time spent in this place.
 B = Non-inter-level travel time spent in this place.
 C = Inter-level travel time spent in this place.
 D = Time resting spent in this place.
 E = Time spent auto-exploring this place.
 F = Levels seen in this place.
 G = Mean time per level.
                   A        B        C        D        E       F      G
               +--------+--------+--------+--------+--------+-----+--------+
         Total |    247 |    247 |      0 |      0 |    149 |   1 |  247.0 |
       Dungeon |    247 |    247 |      0 |      0 |    149 |   1 |  247.0 |
               +--------+--------+--------+--------+--------+-----+--------+

Top non-repeatable levels by time:
     D:1: 247 daAuts
